 Dungeon Crawl Stone Soup version 0.26-b1-45-g23770d1d51 (webtiles) character file.

Game seed: 16566488089047309834

1375 teolandon225 the Chopper (level 8, -3/71 HPs)
             Began as a Minotaur Berserker on Jan 7, 2021.
             Was an Elder of Trog.
             Slain by an orc warrior
             ... wielding a +0 morningstar
              (4 damage)
             ... on level 6 of the Dungeon.
             The game lasted 00:09:03 (4842 turns).

teolandon225 the Chopper (Minotaur Berserker)       Turns: 4842, Time: 00:09:04

Health: -3/71      AC:  2    Str: 23    XL:     8   Next: 39%
Magic:  7/7        EV:  8    Int:  4    God:    Trog [****..]
Gold:   328        SH: 11    Dex: 17    Spells: 7/7 levels left

rFire    + . .     SeeInvis .   q - +0 war axe
rCold    . . .     Faith    .   b - +0 kite shield
rNeg     . . .     Spirit   .   p - +1 chain mail
rPois    .         Reflect  .   (helmet restricted)
rElec    .         Harm     .   (no cloak)
rCorr    .         Rampage  .   (no gloves)
Will     .....                  (no boots)
Stlth    ..........             f - amulet of the acrobat
HPRegen  0.21/turn              g - +6 ring of dexterity
MPRegen  0.10/turn              n - ring of protection from fire

@: corroded, berserk cooldown, slowed, very slow
A: retaliatory headbutt, horns 2
a: Renounce Religion, Berserk, Trog's Hand, Brothers in Arms


You were on level 6 of the Dungeon.
You worshipped Trog.
Trog was greatly pleased with you.
You visited 1 branch of the dungeon, and saw 6 of its levels.

You collected 328 gold pieces.

Inventory:

Hand Weapons
 a - a +0 hand axe
 q - a +0 war axe (weapon)
Armour
 b - a +0 kite shield (worn)
 j - a +1 scale mail of cold resistance
 p - a +1 chain mail (worn)
Jewellery
 f - an amulet of the acrobat (around neck)
 g - a +6 ring of dexterity (left hand)
 n - a ring of protection from fire (right hand)
 o - an uncursed ring of ice
 r - an uncursed ring of positive energy
Wands
 h - a wand of flame (18)
Scrolls
 c - 3 scrolls of teleportation
 d - 4 scrolls of remove curse
 k - a scroll of fear
 m - 3 scrolls of identify
Potions
 e - 2 potions of flight
 i - a potion of curing
 l - a potion of resistance
 t - a potion of degeneration


   Skills:
 + Level 6.9 Fighting
 + Level 7.7 Axes
 - Level 4.2 Armour
 - Level 3.8 Dodging
 * Level 6.5 Shields


You had 7 spell levels left.
You didn't know any spells.
Your spell library was empty.

Dungeon Overview and Level Annotations

Branches:
Dungeon (6/15)
 Temple: D:4-7

Altars:
Cheibriados
Elyvilon
Nemelex Xobeh
Sif Muna
Vehumet
Xom


Innate Abilities, Weirdness & Mutations

You reflexively headbutt those who attack you in melee.
You have a pair of horns on your head.


Message History

Press: ? - help, v - describe, . - travel
Here: an orc warrior, wielding a +0 morningstar and wearing a +0 chain mail (moderately wounded)
The floor.
You hit the orc warrior but do no damage.
You headbutt the orc warrior, but do no damage.
The orc warrior is moderately wounded.
You block the orc warrior's attack.
You barely miss the orc warrior.
The orc warrior is moderately wounded.
The orc warrior barely misses you. You block the orc warrior's attack.
You slash the orc warrior!
You headbutt the orc warrior, but do no damage.
The orc warrior is heavily wounded.
You block the orc warrior's attack.
You slash the orc warrior!
The orc warrior is almost dead.
The orc warrior hits you with a +0 morningstar!!
* * * LOW HITPOINT WARNING * * *
The orc warrior hits you with a +0 morningstar.
You die...

#...## .....
#...# #...# #...#
#...# ####...##
#####.<.)...#
#...@o..........
#..##.######.....
#.. #.# ##.# #
..# # .### .. ..
###


You could see an orc warrior.

Vanquished Creatures
  The ghost of growler the Ruffian, an amateur DrTm of Makhleb (D:5)
  The ghost of pokeman the Magician, an amateur DEWz of Vehumet (D:5)
  A centaur (D:5)
  A bullfrog (D:5)
  2 scorpions
  A jelly (D:6)
  2 orc priests (D:4)
  An iguana (D:5)
  4 worker ants
  Natasha (twice) (D:2)
  8 orc wizards
  The ghost of Gadfly the Sneak, a weakling DsDe (D:5)
  4 gnolls (D:5)
  6 adders
  A white imp (D:3)
  2 oozes (D:3)
  2 adder zombies (D:5)
  4 worms
  The ghost of Snicker the Sneak, a weakling DsDe (D:5)
  3 dart slugs
  4 leopard geckos
  26 orcs
  9 bats
  5 giant cockroaches
  9 goblins
  12 hobgoblins
  10 jackals
  4 quokkas
  A ball python (D:1)
  5 frilled lizards
  12 kobolds
  A leopard gecko skeleton (D:5)
  2 quokka skeletons
  4 rats
152 creatures vanquished.

Notes
Turn   | Place    | Note
-------+----------+-------------------------------------------
     0 | D:1      | teolandon225 the Minotaur Berserker began the quest for the
                  | Orb.
     0 | D:1      | Reached XP level 1. HP: 19/19 MP: 0/0
    53 | D:1      | Reached XP level 2. HP: 17/27 MP: 1/1
   225 | D:1      | Reached skill level 4 in Axes
   476 | D:1      | Reached ** piety under Trog
   477 | D:1      | Reached XP level 3. HP: 29/33 MP: 2/2
  1614 | D:2      | Reached XP level 4. HP: 40/40 MP: 3/3
  1841 | D:2      | Noticed Natasha
  1856 | D:2      | Killed Natasha
  1876 | D:2      | Found a faded altar of an unknown god.
  2010 | D:2      | Noticed Natasha
  2018 | D:2      | Killed Natasha
  2019 | D:2      | Reached skill level 5 in Axes
  2141 | D:2      | Found a white marble altar of Elyvilon.
  2142 | D:2      | Found a shimmering altar of Xom.
  2188 | D:3      | Reached XP level 5. HP: 47/47 MP: 4/4
  2198 | D:3      | Reached *** piety under Trog
  2695 | D:3      | Found a shimmering blue altar of Sif Muna.
  3243 | D:4      | Reached **** piety under Trog
  3245 | D:4      | Reached XP level 6. HP: 55/55 MP: 5/5
  3249 | D:4      | Reached skill level 5 in Fighting
  3249 | D:4      | Reached skill level 6 in Axes
  3377 | D:4      | Reached skill level 1 in Shields
  3485 | D:4      | Found a radiant altar of Vehumet.
  3620 | D:4      | Found the +2 Maxwell's thermic engine {flame, freeze}
  3710 | D:4      | Reached XP level 7. HP: 61/61 MP: 6/6
  3925 | D:5      | Entered Level 5 of the Dungeon
  4295 | D:5      | Reached skill level 7 in Axes
  4487 | D:5      | Found a snail-covered altar of Cheibriados.
  4487 | D:5      | Noticed a torpor snail
  4488 | D:5      | Noticed a torpor snail
  4492 | D:5      | Noticed a torpor snail
  4594 | D:5      | Reached skill level 5 in Shields
  4670 | D:5      | Found a runed translucent gate.
  4670 | D:5      | Found a runed translucent gate.
  4670 | D:5      | Noticed growler's ghost (amateur DrTm)
  4670 | D:5      | Noticed Gadfly's ghost (weakling DsDe)
  4671 | D:5      | Found a runed translucent gate.
  4671 | D:5      | Noticed Snicker's ghost (weakling DsDe)
  4671 | D:5      | Noticed pokeman's ghost (amateur DEWz)
  4684 | D:5      | Killed Gadfly's ghost
  4685 | D:5      | Killed Snicker's ghost
  4686 | D:5      | Killed pokeman's ghost
  4686 | D:5      | Killed growler's ghost
  4687 | D:5      | Reached XP level 8. HP: 71/71 MP: 7/7
  4732 | D:5      | Found a sparkling altar of Nemelex Xobeh.
  4842 | D:6      | HP: 1/71 [orc warrior/+0 morningstar (22)]
  4842 | D:6      | Slain by an orc warrior

Illustrated notes

Levels and vault maps discovered:
D:1:      scummos_arrival_simple_crosswalls, layout_basic
D:2:      layout_basic, minitemple, chequers_ecumenical_altar_simple_redux,
          minmay_pentomino_u2, uniq_natasha
D:3:      layout_basic, lemuel_crystal_altar
D:4:      layout_gridville, vehumet_altar_wand_db
D:5:      layout_basic, nemelex_altar_shiori, cheibriados_altar_2,
          gammafunk_ghost_cemetery, serial_co_window_serial, co_window_cross_1,
          co_window_corner_a, co_window_paths_a, co_window_paths_b,
          co_window_paths_a, co_window_corner_a, co_window_paths_b,
          co_window_corner_ca, co_window_cross_3, glass_columns_b,
          glass_columns_a, glass_columns_a
D:6:      gammafunk_steamed_eel, layout_rooms,
          yredelemnul_forgotten_temple_becter

Skill      XL: |  1  2  3  4  5  6  7 |
---------------+----------------------+-----
Axes           | 4 5 6 7 |  7.7
Fighting       | 4 5 6 |  6.9
Armour         | 3 4 |  4.2
Dodging        | 3 |  3.8
Shields        | 2 6 |  6.5

Action                   |  1- 3 |  4- 6 |  7- 9 || total
-------------------------+-------+-------+-------++-------
Melee: Hand axe          |    90 |    48 |       ||   138
       Headbutt          |    18 |    20 |    21 ||    59
       War axe           |       |   107 |    81 ||   188
Invok: Berserk           |     2 |     5 |     3 ||    10
       Trog's Hand       |       |       |     1 ||     1
       Brothers in Arms  |       |       |     1 ||     1
  Use: Scroll            |       |    12 |     1 ||    13
       Potion            |       |       |     1 ||     1
 Stab: Sleeping          |     2 |       |       ||     2
       Distracted        |       |       |     1 ||     1
Armor: Animal skin       |    26 |     4 |       ||    30
       Chain mail        |       |    67 |    18 ||    85
Dodge: Dodged            |    62 |    76 |    23 ||   161
Block: Kite shield       |       |    20 |    48 ||    68
